 Dungeon Crawl Stone Soup version 0.32-a0-42-ga30500b4d3 (webtiles) character file.

Game seed: 2136650129790464781

36 Ceno the Trooper (level 3, 0/37 HPs)
             Began as an Oni Warper on Feb 2, 2024.
             Slain by an adder (2 damage)
             ... on level 1 of the Dungeon.
             The game lasted 00:04:52 (1306 turns).

Ceno the Trooper (Oni Warper)                       Turns: 1306, Time: 00:04:53

Health: 0/37       AC:  3    Str: 12 (15) XL:     3   Next: 37%
Magic:  6/6        EV:  9    Int: 15 (16) God:
Gold:   73         SH:  0    Dex:  5 (8)  Spells: 4/6 levels left

rFire   . . .        a - +0 mace
rCold   . . .        (no shield)
rNeg    . . .        b - +0 robe
rPois   .            (helmet restricted)
rElec   .            (no cloak)
rCorr   .            (gloves unavailable)
SInv    .            (boots unavailable)
Will    .....        (no amulet)
Stlth   +            (no ring)
HPRegen 0.26/turn    (no ring)
MPRegen 0.10/turn

%: no passive effects
@: lethally poisoned (0 -> -4)
A: large, unfitting armour, horns 1, tough skin 1, double potion healing,
drunken brawling
a: no special abilities


You were on level 1 of the Dungeon.
You visited 1 branch of the dungeon, and saw 2 of its levels.

You collected 73 gold pieces.

Inventory:

Hand Weapons
 a - a +0 mace (weapon)
Missiles
 d - 7 darts of dispersal
 f - 5 poisoned darts
 j - 5 stones (quivered)
Armour
 b - a +0 robe (worn)
Jewellery
 h - a ring of magical power
Scrolls
 c - a scroll of blinking
Potions
 g - a potion of ambrosia {unknown}
 i - a potion of resistance {unknown}


   Skills:
 + Level 3.3 Fighting
 + Level 2.5 Maces & Flails
 + Level 1.7 Throwing
 - Level 2.1 Dodging
 - Level 2.4 Spellcasting
 + Level 3.0 Translocations


You had 4 spell levels left.
You knew the following spells:

 Your Spells              Type           Power      Damage    Failure   Level
a - Blink                 Tloc           22%        N/A       9%          2

Your spell library contained the following spells:

 Spells                   Type           Power      Damage    Failure   Level
 Lesser Beckoning         Tloc           22%        N/A       9%          2
 Teleport Other           Tloc           11%        N/A       19%         3
 Ensorcelled Hibernation  Hex/Ice        2%         N/A       32%         2
 Manifold Assault         Tloc           11%        N/A       52%         4
 Dazzling Flash           Conj/Hex       2%         N/A       54%         3
 Mephitic Cloud           Conj/Alch/Air  1%         N/A       54%         3
 Passwall                 Erth           1%         N/A       54%         3
 Swiftness                Air            1%         N/A       54%         3
 Vhi's Electric Charge    Tloc/Air       12%        N/A       75%         4
 Curse of Agony           Necr           1%         N/A       99%         5
 Silence                  Hex/Air        0%         N/A       99%         5


Dungeon Overview and Level Annotations

Branches:
Dungeon (2/15)

Altars:

Shops:
D:1 [


Innate Abilities, Weirdness & Mutations

You are too large for most types of armour.
You have a pair of small horns on your head.
You have tough skin. (AC +1)
You gain doubled healing and magic from potions.
Whenever you drink a healing potion, you attack all around you.


Message History

You feel sick. The hobgoblin hits you. The adder bites you.
You are more poisoned.
The adder poisons you!
You climb upwards.
You feel very sick.
There is a stone staircase leading down here.
You miss the adder. Your headbutt misses the adder.
You feel sick. The adder bites you.
You are more poisoned.
The adder poisons you! The hobgoblin completely misses you.
The adder bites you. The hobgoblin barely misses you.
You barely miss the adder.
You feel very sick. The adder bites you.
You are more poisoned.
The adder poisons you! The hobgoblin barely misses you.
You closely miss the adder. Your headbutt misses the adder.
You feel very sick. The adder bites you. The hobgoblin closely misses you.
The adder bites you but does no damage.
You closely miss the adder.
* * * LOW HITPOINT WARNING * * *
You feel very sick. The adder barely misses you. The hobgoblin hits you.
* * * LOW HITPOINT WARNING * * *
The adder bites you but does no damage.
Okay, then.
Okay, then.
You barely miss the adder.
* * * LOW HITPOINT WARNING * * *
You feel sick.
The hobgoblin hits you but does no damage.
The adder closely misses you. The hobgoblin hits you.
* * * LOW HITPOINT WARNING * * *
It was a potion of degeneration.
There was something very wrong with that liquid.
You feel weakened.
You feel dopey.
You feel clumsy.
* * * LOW HITPOINT WARNING * * *
You feel sick. The adder bites you.
You die...

..†..#....#........# #........†.
####.#.##.#.######.# #.#########
#.#..#.#.#....#.# #.# #....
#.##.#.#.#.#..#.# #.# #.###
#......#.#.#..#.# #.# #.#
####...#.#.##.#[####.#####.###
#...#.#....#)##...........#
#######...#.###S†#.##...#####.#.#
.....)..........@.......'.#...#.#
#######...#.#.#g.#.##...#.#.###.#
##........#.#.#..#.##...#.#.....#
..........#.#.#..#.##...#)#######
.......#..#.#.#..#.######........
..........#.#.#..#.##############
.........##^#.#..#...............
#........##.#....###############.
#.......###.###..###############.


You could see an adder and a hobgoblin.

Vanquished Creatures
  A dart slug (D:1)
  A ribbon worm (D:1)
  4 ball pythons (D:1)
  A bat (D:1)
  An endoplasm (D:1)
  2 goblins (D:1)
  4 hobgoblins (D:1)
  4 jackals (D:1)
  2 quokkas (D:1)
  2 frilled lizards (D:1)
  2 kobolds (D:1)
  4 rats (D:1)
28 creatures vanquished.

Notes
Turn   | Place    | Note
-------+----------+-------------------------------------------
     0 | D:1      | Ceno the Oni Warper began the quest for the Orb.
     0 | D:1      | Reached XP level 1. HP: 22/22 MP: 3/3
    99 | D:1      | Reached XP level 2. HP: 30/31 MP: 5/5
   103 | D:1      | Learned a level 2 spell: Blink
   634 | D:1      | Found Yjocuost's Antique Armour Emporium.
   767 | D:1      | Reached XP level 3. HP: 25/37 MP: 6/6
  1306 | D:1      | Slain by an adder

Illustrated notes

Levels and vault maps discovered:
D:1:      roderic_octagonal_star, layout_basic, serial_shops,
          nicolae_shop_crystal
D:2:      layout_rooms, uniq_sigmund

Skill      XL: |  1  2 |
---------------+-------+-----
Fighting       | 3 |  3.3
Translocations | 3 |  3.0
Maces & Flails | |  2.5
Throwing       | |  1.7
Dodging        | |  2.1
Spellcasting   | |  2.4

Action                     || total
---------------------------++-------
  Melee: Mace              ||   108
         Headbutt          ||     8
         Punch             ||     1
    Use: Potion            ||     1
 Armour: Robe              ||    79
  Dodge: Dodged            ||    53

Table legend: (Time is in decaauts)
 A = Elapsed time spent in this place.
 B = Non-inter-level travel time spent in this place.
 C = Inter-level travel time spent in this place.
 D = Time resting spent in this place.
 E = Time spent auto-exploring this place.
 F = Levels seen in this place.
 G = Mean time per level.
                   A        B        C        D        E       F      G
               +--------+--------+--------+--------+--------+-----+--------+
         Total |   1338 |   1322 |     16 |     92 |    528 |   2 |  669.0 |
       Dungeon |   1338 |   1322 |     16 |     92 |    528 |   2 |  669.0 |
               +--------+--------+--------+--------+--------+-----+--------+

Top non-repeatable levels by time:
     D:1: 1331 daAuts
     D:2: 6 daAuts
